AoeStats
← NuMa | JuanMan

Black Forest

510364721Analyzed
2v2 RM · 2d ago on Sep 30, 2026· 48m 53s· 4 players
Game mode
Random Map
Map size
Medium (4 player)
Population
200
Speed
Normal
Resources
Standard
Victory
Conquest
Starting age
Dark Age
Ending age
Imperial Age
RankedLock teamsTeams togetherTeam positionsShared explorationLock speedFull tech treeHidden civsTurbo modeCheats
Victory
Defeat
🇨🇴 Saxons · Colombia
1408
+19
🇨🇴 Japanese · Colombia
1374
+20
🇹🇷 Danes · Türkiye
1526
-21
🇲🇽 Saxons · Mexico
1427
-18
Ghost
1:22 Loom
9:35 Feudal Age
11:57 Fletching
13:23 Wheelbarrow
17:10 Castle Age
15:10 Double-Bit Axe
26:59 Bow Saw
26:43 Gold Mining
26:42 Horse Collar
28:52 Stone Mining
30:33 Hand Cart
31:33 Fortified Wall
34:58 Imperial Age
32:29 Town Watch
33:14 Scale Mail Armor
33:24 Forging
33:41 Gambesons
33:57 Squires
33:42 Arson
33:42 Man-at-Arms
34:39 Chain Mail Armor
34:28 Long Swordsman
35:00 Shield Wall
36:01 Conscription
35:15 Two-Handed Swordsman
36:26 Plate Mail Armor
36:55 Conscription
36:12 Champion
37:48 Iron Casting
42:16 Guilds
42:39 Coinage
43:05 Bodkin Arrow
43:11 Padded Archer Armor
43:35 Ballistics
44:15 Chemistry
43:21 Siege Engineers
43:27 Masonry
rdn
1:25 Loom
11:18 Feudal Age
16:07 Castle Age
19:32 Double-Bit Axe
28:37 Wheelbarrow
27:50 Town Watch
29:30 Horse Collar
30:23 Stone Mining
32:48 Fletching
34:08 Town Patrol
34:29 Hand Cart
38:42 Imperial Age
39:14 Scale Mail Armor
39:06 Onager
40:47 Conscription
41:14 Chain Mail Armor
41:11 Squires
40:58 Arson
Camo
7:20 Loom
9:35 Feudal Age
9:35 Man-at-Arms
10:40 Arson
13:26 Double-Bit Axe
14:03 Fletching
17:32 Fishing Lines
21:43 Castle Age
20:19 Horse Collar
20:57 Scale Mail Armor
21:30 Forging
22:22 Town Watch
22:34 Bodkin Arrow
24:31 Wheelbarrow
24:07 Guard Tower
25:09 Murder Holes
26:47 Bow Saw
29:02 Heavy Plow
29:04 Gillnets
30:26 Squires
30:12 Gambesons
35:24 Imperial Age
34:03 Chain Mail Armor
34:17 Hand Cart
36:02 Capped Ram
37:00 Gold Mining
38:01 Keep
38:56 Chemistry
39:20 Gold Shaft Mining
39:17 Bracer
39:54 Stone Mining
40:44 Crop Rotation
40:56 Plate Mail Armor
40:47 Caravan
41:47 Masonry
42:21 Elite Varangian Guard
44:04 Conscription
45:20 Iron Casting
47:03 Architecture
46:54 Ballistics
47:01 Arrowslits
46:57 Treadmill Crane
47:50 Shield Wall
NuMa | JuanMan
6:31 Loom
9:04 Feudal Age
9:18 Man-at-Arms
9:45 Double-Bit Axe
10:09 Arson
14:13 Horse Collar
19:11 Town Watch
22:07 Castle Age
23:11 Bow Saw
23:02 Heavy Plow
22:54 Long Swordsman
26:35 Fortified Wall
29:33 Imperial Age
27:42 Scale Mail Armor
27:53 Forging
27:52 Gambesons
28:26 Gold Mining
30:11 Stone Mining
32:22 Two-Man Saw
35:25 Wheelbarrow
35:42 Chain Mail Armor
36:21 Kataparuto
36:14 Squires
39:03 Iron Casting
41:46 Plate Mail Armor
42:16 Blast Furnace
42:10 Ballistics
43:52 Elite Samurai
Connection lost

Rejoining the realm…

Still unreachable

The connection could not be restored.

Session expired

The server has moved on; the page needs a fresh start.